 Dungeon Sprint DCSS version 0.17-a0-1360-g37db002 (webtiles) character file.

12719 Kidiri the Unseen (level 11, -1/47 HPs)
             Began as a Spriggan Enchanter on June 11, 2015.
             Was the Champion of Dithmenos.
             Succumbed to a death drake's dark miasma
             ... in the Dungeon (Sprint III: "The Ten Rune Challenge").
             The game lasted 00:13:48 (2238 turns).

Kidiri the Unseen (Spriggan Enchanter)              Turns: 2238, Time: 00:13:48

Health: -1/47      AC:  6    Str:  4    XL:     11   Next: 66%
Magic:  23/31      EV: 33    Int: 19    God:    Dithmenos [******]
Gold:   46         SH:  2    Dex: 18    Spells: 5 memorised, 28 levels left

rFire  + . .     SeeInvis +     a - +1 dagger
rCold  . . .     Clarity  .     b - +1 robe
rNeg   . . .     SustAt   .     (shield restricted)
rPois  .         Gourm    .     (helmet restricted)
rElec  .         Spirit   .     m - +0 cloak
rCorr  .         Warding  .     (gloves unavailable)
rMut   .         NoTele   +     (boots unavailable)
MR     +....                    (no amulet)
Stlth  ++++++++++               (no ring)
                                (no ring)

@: lethally poisoned (-1 -> -79), slowed, wreathed by umbra, quick, somewhat
resistant to hostile enchantments, uncannily stealthy
A: unfitting armour, talons 1, large bone plates 1, see invisible, fire
resistance 1, herbivore 3, speed 3, slow metabolism 2, spit poison 2
a: Spit Poison, Shadow Step, Shadow Form, Renounce Religion


You were in the Dungeon.
You worshipped Dithmenos.
Dithmenos was exalted by your worship.
You were not hungry.

You visited 1 branch You collected 46 gold pieces.

Inventory:

Hand weapons
 a - a +1 dagger (weapon)
Missiles
 w - 10 throwing nets (quivered)
Armour
 b - a +1 robe (worn)
 m - a +0 cloak (worn)
Magical devices
 k - a wand of slowing (2)
Scrolls
 j - a scroll of blinking
 o - a scroll of torment {unknown}
 p - a scroll of identify {unknown}
 q - 6 scrolls of remove curse
 t - a scroll of immolation {unknown}
Potions
 g - a potion of haste
 h - 2 potions of magic
 i - a potion of berserk rage
 l - a potion of degeneration {unknown}
 n - a potion of might
 s - 2 potions of cure mutation {unknown}
 v - 2 potions of flight
Books
 c - a book of Maledictions

   Spells                             Type                      Level
   a - Corona                         Hexes                        1
   b - Ensorcelled Hibernation        Hexes/Ice                    2
   c - Confuse                        Hexes                        3
   d - Tukima's Dance                 Hexes                        3
   e - Dazzling Spray                 Conjuration/Hexes            3
Comestibles
 d - a bread ration
 r - 30 royal jellies


   Skills:
 + Level 10.3 Short Blades
 * Level 17.5 Dodging
 * Level 18.8 Stealth
 * Level 15.0 Spellcasting
 + Level 6.6 Conjurations
 + Level 11.5 Hexes
 + Level 7.6 Ice Magic
 + Level 8.1 Invocations


You had 28 spell levels left.
You knew the following spells:

 Your Spells              Type           Power        Failure   Level  Hunger
a - Corona                Hex            ######.      1%          1    None
b - Ensorcelled Hibernat  Hex/Ice        ######       1%          2    None
c - Confuse               Hex            ######..     1%          3    None
d - Tukima's Dance        Hex            ######..     1%          3    None
e - Dazzling Spray        Conj/Hex       #####...     1%          3    None


Dungeon Overview and Level Annotations

Branches:
Dungeon (1/1)

Altars:
Cheibriados
Dithmenos
Elyvilon
Fedhas
Gozag
Kikubaaqudgha
Makhleb
Nemelex Xobeh
Okawaru
Qazlal
Ru
Sif Muna
Trog
Vehumet
Xom
Yredelemnul
Zin
The Shining One
Jiyva
Lugonu


Innate Abilities, Weirdness & Mutations

You are tiny and cannot use many weapons and most armour.
You have supernaturally acute eyesight.
You are a herbivore.
You cover ground extremely quickly.
You need consume almost no food.
You have sharp toenails.
You are partially covered in large bone plates (AC +2, SH +2).
Your flesh is heat resistant.
You can spit poison.


Message History

Confirm with . or Enter, or press ? or * to list all spells.
Aiming: Ensorcelled Hibernation
Press: ? - help, Shift-Dir - straight line, f/p - death drake
Aim: a death drake (black smoke, catching its breath, umbra, chance to defeat MR: 55%)
The death drake looks drowsy...
You are engulfed in dark miasma.
You are more poisoned.
* * * LOW HITPOINT WARNING * * *
x2 You feel extremely sick.
Drink which item? (? for menu, Esc to quit)
Okay, then.
Unknown command.
Read which item? (? for menu, Esc to quit)
Okay, then.
Unknown command.
The helpless death drake fails to defend itself.
You perforate the death drake like a sieve!!!!!
You kill the death drake!
Dithmenos accepts your kill.
Your Spellcasting skill increases to level 15!
You die...

#.%♣♣ ♣♣♣##'######
###'♣♣♣♣♣♣♣♣♣♣♣♣♣♣♣
#...+
♣♣♣♣%##..##≈≈≈≈≈≈.%#
#..)#
♣...##.##.#≈≈≈≈≈...#
#)..#
♣♣.##.##.##'§§≈≈≈####
#####
♣..#.##...#≈§.....§§
♣♣.##.##.)#§§§+#####
♣♣.##.#####§§§#
♣.....##...§§@#
########+######


There were no monsters in sight!

Vanquished Creatures
  Frances (D)
  Maud (D)
  Wiglaf (D)
  2 hydras (D)
  Erolcha (D)
  A death drake (D)
  A lindwurm (D)
  2 spiny frogs (D)
  A komodo dragon (D)
  A deep elf priest (D)
  A queen bee (D)
  A shadow (D)
  2 trapdoor spiders (D)
  4 redbacks (D)
  3 wandering mushrooms (D)
  A spatial vortex (D)
  2 hill giants (D)
  A necrophage (D)
  3 two-headed ogres (D)
  2 brain worms (D)
  A water elemental (D)
  32 killer bees (D)
  An electric eel (D)
  A wizard (D)
  Crazy Yiuf (D)
  A jelly (D)
  Jessica (D)
  A necromancer (D)
  3 humans (D)
  A kobold demonologist (D)
  An ooze (D)
  A rat (D)
77 creatures vanquished.

Vanquished Creatures (others)
  2 draconian scorchers (D)
  3 yaktaurs (D)
  2 plants (D)
7 creatures vanquished.

Grand Total: 84 creatures vanquished

Notes
Turn   | Place    | Note
--------------------------------------------------------------
     0 | D        | Kidiri the Spriggan Enchanter began the quest for the Orb.
     0 | D        | Reached XP level 1. HP: 9/9 MP: 5/5
    11 | D        | Reached skill level 5 in Stealth
    27 | D        | Noticed Jessica
    41 | D        | Killed Jessica
    41 | D        | Reached skill level 5 in Dodging
    41 | D        | Reached skill level 6 in Stealth
    41 | D        | Reached XP level 2. HP: 13/13 MP: 6/8
    41 | D        | Reached XP level 3. HP: 16/16 MP: 6/9
    45 | D        | Learned a level 2 spell: Ensorcelled Hibernation
    49 | D        | Learned a level 3 spell: Confuse
    53 | D        | Learned a level 3 spell: Tukima's Dance
   109 | D        | Killed a yaktaur
   126 | D        | Killed a white draconian scorcher
   143 | D        | Killed a white draconian scorcher
   246 | D        | Noticed Crazy Yiuf
   249 | D        | Killed Crazy Yiuf
   249 | D        | Reached skill level 7 in Stealth
   249 | D        | Reached skill level 5 in Spellcasting
   253 | D        | Reached skill level 5 in Hexes
   253 | D        | Reached skill level 1 in Ice Magic
   253 | D        | Reached XP level 4. HP: 21/21 MP: 8/12
   258 | D        | Learned a level 3 spell: Dazzling Spray
   286 | D        | Gained mutation: Your flesh is heat resistant. [potion of mutation]
   286 | D        | Gained mutation: You have sharp toenails. [potion of mutation]
   287 | D        | Gained mutation: You can spit weak poison. [potion of mutation]
   292 | D        | Noticed a water elemental
   299 | D        | Killed a water elemental
   299 | D        | Reached skill level 8 in Stealth
   299 | D        | Reached skill level 1 in Conjurations
   299 | D        | Reached XP level 5. HP: 24/24 MP: 12/14
   357 | D        | Noticed a jelly
   358 | D        | Noticed a shadow
   360 | D        | Killed a shadow
   360 | D        | Reached skill level 9 in Dodging
   360 | D        | Reached skill level 10 in Stealth
   360 | D        | Reached XP level 6. HP: 28/28 MP: 14/17
   373 | D        | Killed a jelly
   524 | D        | Found a stormy altar of Qazlal.
   524 | D        | Noticed a spatial vortex
   525 | D        | Found a sacrificial altar of Ru.
   525 | D        | Found a burning altar of Makhleb.
   525 | D        | Found a viscous altar of Jiyva.
   525 | D        | Found a shimmering altar of Xom.
   525 | D        | Found a shadowy altar of Dithmenos.
   525 | D        | Found a sparkling altar of Nemelex Xobeh.
   525 | D        | Found a corrupted altar of Lugonu.
   525 | D        | Found an opulent altar of Gozag.
   527 | D        | Killed a spatial vortex
   527 | D        | Reached skill level 5 in Short Blades
   527 | D        | Reached skill level 10 in Dodging
   527 | D        | Reached skill level 11 in Stealth
   531 | D        | Became a worshipper of Dithmenos the Shadowed
   557 | D        | Found a radiant altar of Vehumet.
   557 | D        | Found a deep blue altar of Sif Muna.
   557 | D        | Found an ancient bone altar of Kikubaaqudgha.
   557 | D        | Noticed a wizard
   559 | D        | Killed a wizard
   573 | D        | Found a glowing silver altar of Zin.
   574 | D        | Found a glowing golden altar of the Shining One.
   574 | D        | Found a white marble altar of Elyvilon.
   574 | D        | Noticed a deep elf priest
   582 | D        | Killed a deep elf priest
   582 | D        | Reached skill level 12 in Stealth
   582 | D        | Reached XP level 7. HP: 17/32 MP: 10/20
   711 | D        | Killed a yaktaur
   733 | D        | Found an iron altar of Okawaru.
   733 | D        | Found a bloodstained altar of Trog.
   733 | D        | Noticed a human
   733 | D        | Noticed a human
   736 | D        | Killed a human
   737 | D        | Killed a human
   737 | D        | Reached XP level 8. HP: 36/36 MP: 20/22
   753 | D        | Found a basalt altar of Yredelemnul.
   753 | D        | Found a snail-covered altar of Cheibriados.
   753 | D        | Found a blossoming altar of Fedhas.
   753 | D        | Noticed a necrophage
   753 | D        | Noticed a necromancer
   758 | D        | Killed a necromancer
   758 | D        | Acquired Dithmenos's first power
   778 | D        | Killed a necrophage
   778 | D        | Reached skill level 10 in Spellcasting
   826 | D        | Noticed a two-headed ogre
   826 | D        | Noticed a two-headed ogre
   830 | D        | Killed a two-headed ogre
   830 | D        | Reached skill level 13 in Stealth
   832 | D        | Killed a two-headed ogre
   837 | D        | Noticed a two-headed ogre
   838 | D        | Killed a two-headed ogre
   838 | D        | Acquired Dithmenos's second power
   844 | D        | Noticed a hill giant
   847 | D        | Killed a hill giant
   852 | D        | Noticed a hill giant
   852 | D        | Noticed Erolcha
   854 | D        | Killed Erolcha
   854 | D        | Reached skill level 14 in Stealth
   854 | D        | Reached XP level 9. HP: 39/39 MP: 23/25
   855 | D        | Killed a hill giant
   855 | D        | Reached skill level 5 in Ice Magic
   860 | D        | Noticed a redback
   863 | D        | Gained mutation: You are partially covered in large bone plates (AC +2, SH +2). [potion of mutation]
   863 | D        | Gained mutation: You can spit poison. [potion of mutation]
   866 | D        | Noticed a trapdoor spider
   870 | D        | Killed a trapdoor spider
   876 | D        | Killed a redback
   876 | D        | Acquired Dithmenos's third power
   953 | D        | Noticed a trapdoor spider
   955 | D        | Killed a trapdoor spider
   983 | D        | Noticed a killer bee
   983 | D        | Noticed a killer bee
   983 | D        | Noticed a killer bee
   983 | D        | Noticed a killer bee
   983 | D        | Noticed a killer bee
   983 | D        | Noticed a killer bee
   983 | D        | Noticed a killer bee
   983 | D        | Noticed a killer bee
   983 | D        | Noticed a killer bee
   983 | D        | Noticed a killer bee
   983 | D        | Noticed a killer bee
   983 | D        | Noticed a killer bee
   983 | D        | Noticed a killer bee
   983 | D        | Noticed a killer bee
   983 | D        | Noticed a killer bee
   986 | D        | Noticed a killer bee
   986 | D        | Noticed a killer bee
   987 | D        | Noticed a killer bee
   987 | D        | Noticed a killer bee
   987 | D        | Noticed a killer bee
   987 | D        | Killed a killer bee
   987 | D        | Reached skill level 5 in Invocations
   988 | D        | Noticed a killer bee
   989 | D        | Noticed a killer bee
   990 | D        | Killed a killer bee
   992 | D        | Noticed a killer bee
   992 | D        | Noticed a killer bee
   993 | D        | Noticed a killer bee
   995 | D        | Noticed a killer bee
  1000 | D        | Noticed a queen bee
  1000 | D        | Killed a killer bee
  1001 | D        | Noticed a killer bee
  1003 | D        | Killed a killer bee
  1003 | D        | Acquired Dithmenos's fourth power
  1005 | D        | Noticed a killer bee
  1005 | D        | Killed a killer bee
  1007 | D        | Noticed a killer bee
  1007 | D        | Noticed a killer bee
  1007 | D        | Killed a killer bee
  1007 | D        | Reached skill level 15 in Stealth
  1009 | D        | Noticed a killer bee
  1009 | D        | Killed a killer bee
  1011 | D        | Killed a killer bee
  1022 | D        | Killed a killer bee
  1025 | D        | Noticed a killer bee
  1048 | D        | Killed a killer bee
  1050 | D        | Killed a killer bee
  1073 | D        | Killed a killer bee
  1098 | D        | Killed a killer bee
  1113 | D        | Killed a killer bee
  1241 | D        | Killed a yaktaur
  1311 | D        | Killed a killer bee
  1314 | D        | Killed a killer bee
  1323 | D        | Killed a killer bee
  1327 | D        | Killed a killer bee
  1341 | D        | Killed a killer bee
  1363 | D        | Killed a killer bee
  1396 | D        | Killed a queen bee
  1413 | D        | Killed a killer bee
  1413 | D        | Reached skill level 5 in Conjurations
  1419 | D        | Killed a killer bee
  1419 | D        | Reached XP level 10. HP: 38/44 MP: 27/27
  1426 | D        | Killed a killer bee
  1451 | D        | Killed a killer bee
  1465 | D        | Killed a killer bee
  1467 | D        | Killed a killer bee
  1481 | D        | Killed a killer bee
  1493 | D        | Killed a killer bee
  1495 | D        | Killed a killer bee
  1497 | D        | Killed a killer bee
  1521 | D        | Killed a killer bee
  1529 | D        | Killed a killer bee
  1637 | D        | Noticed Wiglaf
  1637 | D        | Noticed Frances
  1642 | D        | Killed Wiglaf
  1642 | D        | Reached skill level 15 in Dodging
  1642 | D        | Reached skill level 16 in Stealth
  1642 | D        | Reached skill level 10 in Hexes
  1655 | D        | Killed Frances
  1655 | D        | Reached skill level 17 in Stealth
  1726 | D        | Noticed a wandering mushroom
  1731 | D        | Noticed a wandering mushroom
  1733 | D        | Noticed a wandering mushroom
  1740 | D        | Killed a wandering mushroom
  1752 | D        | Killed a wandering mushroom
  1755 | D        | Killed a wandering mushroom
  2060 | D        | Noticed a spiny frog
  2060 | D        | Noticed a komodo dragon
  2060 | D        | Noticed a spiny frog
  2067 | D        | Killed a spiny frog
  2067 | D        | Reached XP level 11. HP: 47/47 MP: 22/29
  2070 | D        | Killed a komodo dragon
  2074 | D        | Killed a spiny frog
  2127 | D        | Noticed a redback
  2129 | D        | Killed a redback
  2130 | D        | Noticed a brain worm
  2133 | D        | Killed a brain worm
  2140 | D        | Noticed a brain worm
  2142 | D        | Killed a brain worm
  2147 | D        | Noticed a lindwurm
  2149 | D        | Noticed a redback
  2152 | D        | Killed a lindwurm
  2154 | D        | Killed a redback
  2171 | D        | Noticed a redback
  2174 | D        | Killed a redback
  2174 | D        | Reached skill level 18 in Stealth
  2203 | D        | Noticed Maud
  2205 | D        | Killed Maud
  2205 | D        | Reached skill level 10 in Short Blades
  2208 | D        | Noticed an electric eel
  2209 | D        | Noticed a six-headed hydra
  2209 | D        | Noticed a seven-headed hydra
  2210 | D        | Killed an electric eel
  2212 | D        | Killed a seven-headed hydra
  2213 | D        | Killed a six-headed hydra
  2227 | D        | Noticed a death drake
  2235 | D        | HP: 1/46 [poisoned by a death drake (dark miasma)]
  2238 | D        | Killed a death drake
  2238 | D        | Reached skill level 15 in Spellcasting
  2238 | D        | Succumbed to a death drake's dark miasma

Vault maps used:
D:        dungeon_sprint_mu

Action                   |  1- 3 |  4- 6 |  7- 9 | 10-12 || total
-------------------------+-------+-------+-------+-------++-------
Melee: Dagger            |    14 |    17 |   153 |    60 ||   244
 Cast: Ensorcelled Hiber |     1 |     4 |    27 |    17 ||    49
       Dazzling Spray    |       |     2 |     4 |     6 ||    12
       Confuse           |       |       |     2 |     3 ||     5
Invok: Shadow Step       |       |       |       |     3 ||     3
 Abil: Spit Poison       |       |       |       |     2 ||     2
  Use: Potion            |       |     3 |     3 |     2 ||     8
 Stab: Sleeping          |     4 |     5 |    26 |    22 ||    57
       Invisible         |       |     1 |     3 |     5 ||     9
       Confused          |       |       |     1 |     1 ||     2
       Distracted        |       |       |     3 |       ||     3
  Eat: Fruit             |       |       |       |     2 ||     2
